 Dungeon Crawl Stone Soup version 0.16.1-14-g82efdee (webtiles) character file.

21 hulla the Changer (level 2, -4/18 HPs)
             Began as an Octopode Transmuter on Apr 11, 2015.
             Slain by an adder (5 damage)
             ... on level 2 of the Dungeon.
             The game lasted 00:03:14 (1374 turns).

hulla the Changer (Octopode Transmuter)             Turns: 1374, Time: 00:03:15

Health: -4/18      AC:  1    Str:  9    XL:     2   Next: 87%
Magic:  4/4        EV: 12    Int: 15    God:
Gold:   79         SH:  0    Dex: 12    Spells: 1 memorised, 4 levels left

rFire  . . .     SeeInvis .     j - -3 hunting sling (curse)
rCold  . . .     Clarity  .     (no shield)
rNeg   . . .     SustAb   .     (helmet restricted)
rPois  .         Gourm    .     (no amulet)
rElec  .         Spirit   .     (no ring)
rCorr  .         Warding  .     (no ring)
rMut   .         Stasis   .     (no ring)
MR     .....                    (no ring)
Stlth  ++........               (no ring)
                                (no ring)
                                (no ring)
                                (no ring)

@: not resistant to hostile enchantments, unstealthy
A: almost no armour, amphibious, 8 rings, constrict 8, camouflage 1, gelatinous
body 1
a: no special abilities


You were on level 2 of the Dungeon.
You were not hungry.

You visited 1 branch of the dungeon, and saw 2 of its levels.

You collected 79 gold pieces.

Inventory:

Hand weapons
 j - a cursed -3 hunting sling (weapon)
Missiles
 b - 12 arrows
 e - 14 stones (quivered)
Scrolls
 h - a scroll of noise
 k - 2 scrolls of fear
Potions
 c - a potion of experience {unknown}
 f - 2 potions of curing {unknown}
Books
 d - a book of Changes

   Spells                             Type                      Level
   a - Beastly Appendage              Transmutation                1
   b - Sticks to Snakes               Transmutation                2
   c - Spider Form                    Transmutation/Poison         3
   d - Ice Form                       Ice/Transmutation            4
   e - Blade Hands                    Transmutation                5
Comestibles
 a - a bread ration
 g - 2 meat rations


   Skills:
 - Level 1.0 Fighting
 - Level 2.0 Dodging
 - Level 3.0 Unarmed Combat
 - Level 2.0 Spellcasting
 + Level 3.3 Transmutations


You had 4 spell levels left.
You knew the following spells:

 Your Spells              Type           Power        Failure   Level  Hunger
a - Beastly Appendage     Trmt           ##....       8%          1    #......


Dungeon Overview and Level Annotations

Branches:
Dungeon (2/15)

Altars:


Innate Abilities, Weirdness & Mutations

You cannot wear most types of armour.
You are amphibious.
You can wear up to eight rings at the same time.
You can use your tentacles to constrict many enemies at once.
Your skin changes colour to match your surroundings (Stealth).
Your rubbery body absorbs attacks (AC +1).


Message History

The adder bites you.
Firing (i - inventory):
e - 17 stones (quivered)
Press: ? - help, Shift-Dir - straight line, f/p - adder
Aim: an adder (lightly wounded)
You shoot a stone. The stone misses the adder.
The adder bites you.
* * * LOW HITPOINT WARNING * * *
Firing (i - inventory):
e - 16 stones (quivered)
Press: ? - help, Shift-Dir - straight line, f/p - adder
Aim: an adder (lightly wounded)
You shoot a stone.
The stone hits the adder but does no damage.
The adder is lightly wounded.
The adder misses you. The adder closely misses you.
Firing (i - inventory):
e - 15 stones (quivered)
Press: ? - help, Shift-Dir - straight line, f/p - adder
Aim: an adder (lightly wounded)
You shoot a stone. The stone hits the adder.
The adder is heavily wounded.
The adder misses you. The adder bites you.
You die...

########### #.........#
#.#######.# #.# #.#
########.# #.###
.........# #...#
##################.#####
......gS.#.....#
######@#####.#
#####......#...#.#
#.....#..#.....#.#
#.....#(.#.#.#<#.#
#s....#..#.#...#.#
.####.....#..#.#####.#
..'..'.....(........>.#
.####[....#..######.##
#.....#..... #.#


You could see an adder and a goblin.

Vanquished Creatures
  2 giant geckos
  4 bats (D:1)
  A giant cockroach (D:1)
  2 hobgoblins (D:1)
  2 giant newts
  3 goblins (D:1)
  3 kobolds
  3 rats (D:1)
20 creatures vanquished.

Notes
Turn   | Place    | Note
--------------------------------------------------------------
     0 | D:1      | hulla, the Octopode Transmuter, began the quest for the Orb.
     0 | D:1      | Reached XP level 1. HP: 13/13 MP: 3/3
   341 | D:1      | Reached XP level 2. HP: 11/18 MP: 4/4
  1374 | D:2      | Slain by an adder

Action                   || total
-------------------------++-------
Melee: Unarmed           ||    42
 Fire: Hunting sling     ||    20
 Cast: Beastly Appendage ||     2
  Use: Scroll            ||     3
       Potion            ||     1
 Stab: Sleeping          ||     4
  Eat: Chunk             ||     1
